 Dungeon Crawl Stone Soup version 0.17-a0-854-g4a4ba72 (webtiles) character file.

1260 Hanyuu the Martial Artist (level 8, 0/50 HPs)
             Began as an Octopode Transmuter on Apr 28, 2015.
             Was a Believer of Makhleb.
             Engulfed by a steam dragon's steam (1 damage)
             ... on level 5 of the Dungeon.
             The game lasted 00:40:52 (6914 turns).

Hanyuu the Martial Artist (Octopode Transmuter)     Turns: 6914, Time: 00:40:52

Health: 0/50       AC:  2    Str:  9    XL:     8   Next: 52%
Magic:  9/11       EV: 23    Int: 16    God:    Makhleb [**....]
Gold:   254        SH:  0    Dex: 19    Spells: 4 memorised, 3 levels left

rFire  . . .     SeeInvis .       - Unarmed
rCold  . . .     Clarity  .     (shield currently unavailable)
rNeg   . . .     SustAb   .     (helmet currently unavailable)
rPois  x         Gourm    .     (no amulet)
rElec  .         Spirit   .     h - ring of loudness (curse)
rCorr  .         Warding  .     (no ring)
rMut   .         Stasis   .     (no ring)
MR     .....                    (no ring)
Stlth  ..........               (no ring)
                                (no ring)
                                (no ring)
                                (no ring)

@: confused, spider-form (expiring), very slightly contaminated, not resistant
to hostile enchantments, extremely unstealthy
A: almost no armour, amphibious, 8 rings, (constrict 8), (camouflage 0),
(gelatinous body 0)
a: End Transformation, Minor Destruction, Renounce Religion


You were on level 5 of the Dungeon.
You worshipped Makhleb.
Makhleb was pleased with you.
You were very hungry.
You were a venomous arachnid creature.
You visited 2 branches of the dungeon, and saw 6 of its levels.
You also visited: Sewer.

You collected 254 gold pieces.

Inventory:

Hand weapons
 a - a +0 blowgun
 f - a +0 rapier
 j - a cursed -1 dagger
 p - a +4 whip
 u - a cursed -3 short sword
 E - a +0 hunting sling
Missiles
 e - a throwing net (quivered)
 g - 3 arrows
 o - 5 tomahawks
 r - 11 sling bullets of frost
 t - 43 poisoned needles
 D - 4 curare-tipped needles
Armour
 I - a +0 buckler
Jewellery
 h - a cursed ring of loudness (left front leg)
Magical devices
 m - a wand of random effects (19)
Scrolls
 l - a scroll of blinking {unknown}
 n - 3 scrolls of immolation
 s - a scroll of random uselessness {unknown}
 v - a scroll of enchant armour {unknown}
 w - 3 scrolls of recharging {unknown}
 x - a scroll of enchant weapon {unknown}
 y - a scroll of fear {unknown}
 G - a scroll of remove curse
Potions
 k - 7 potions of curing
 q - a potion of haste {unknown}
 z - 2 potions of heal wounds {unknown}
 A - a potion of agility {unknown}
 B - a potion of might {unknown}
 C - 2 potions of flight {unknown}
 F - 3 potions of brilliance {unknown}
 H - a potion of magic {unknown}
Books
 b - a book of Changes

   Spells                             Type                      Level
   a - Beastly Appendage              Transmutation                1
   b - Sticks to Snakes               Transmutation                2
   c - Spider Form                    Transmutation/Poison         3
   d - Ice Form                       Ice/Transmutation            4
   e - Blade Hands                    Transmutation                5
 K - a book of Transfigurations

   Spells                             Type                      Level
   a - Stoneskin                      Transmutation/Earth          2
   b - Irradiate                      Conjuration/Transmutation    5
   c - Statue Form                    Transmutation/Earth          6
   d - Hydra Form                     Transmutation                6
   e - Dragon Form                    Transmutation                7
 L - a book of the Earth

   Spells                             Type                      Level
   a - Leda's Liquefaction            Hexes/Earth                  4
   b - Bolt of Magma                  Conjuration/Fire/Earth       5
   c - Statue Form                    Transmutation/Earth          6
   d - Iron Shot                      Conjuration/Earth            6
   e - Shatter                        Earth                        9
Comestibles
 c - 3 bread rations
 i - a beef jerky


   Skills:
 - Level 2.2 Fighting
 - Level 2.6 Throwing
 - Level 4.2 Dodging
 - Level 8.3 Unarmed Combat
 + Level 2.3 Spellcasting
 * Level 3.6 Transmutations


You had 3 spell levels left.
You knew the following spells:

 Your Spells              Type           Power        Failure   Level  Hunger
a - Beastly Appendage     Trmt           ##....       17%         1    #......
b - Sticks to Snakes      Trmt           ##........   24%         2    ###....
c - Spider Form           Trmt/Pois      #.........   56%         3    ###....
d - Stoneskin             Trmt/Erth      #.......     36%         2    ###....


Dungeon Overview and Level Annotations

Branches:
Dungeon (5/15)             Temple (1/1) D:4

Altars:
Ashenzari
Cheibriados
Elyvilon
Fedhas
Gozag
Kikubaaqudgha
Makhleb
Nemelex Xobeh
Okawaru
Ru
Sif Muna
Trog
Vehumet
Xom
Yredelemnul
Zin
The Shining One

Annotations:
D:4 sose's ghost, average DrTm
D:5 Grinder


Innate Abilities, Weirdness & Mutations

You cannot wear most types of armour.
You are amphibious.
You can wear up to eight rings at the same time.
((You can use your tentacles to constrict eight enemies at once.))
((Your skin changes colour to match your surroundings (Stealth).))
((Your rubbery body absorbs attacks (AC +1).))


Message History

The steam dragon breathes steam at you. The ball of steam hits you!
* * * LOW HITPOINT WARNING * * *
Unknown command.
You bump into the rock wall.
You are engulfed in a cloud of scalding steam.
You feel less invigorated.
You feel less confused. The steam dragon barely misses you.
The steam dragon closely misses you.
Casting: Spider Form
Confirm with . or Enter, or press ? or * to list all spells.
You turn into a venomous arachnid creature.
You are engulfed in a cloud of scalding steam.
* * * LOW HITPOINT WARNING * * *
The steam dragon barely misses you. The steam dragon closely misses you.
Drink which item? (? for menu, Esc to quit)
You are confused.
You feel invigorated.
You are engulfed in a cloud of scalding steam.
You die...

#################
#...............#
#.######.######.# #.####
#.######.####### #....#
#.D.#....##....# #.##.#
###s#.#####.##.#
#.##.#####.#.#####.##.# #
#.##.......#.......##.# #
######.###################.#####
#>.....##.......#.......*#......
##.##...##.#####.#.####*,*#..###.
...#######.# ###.#.### *,*####*#.
##..)......# #...#...# *,,,,,,,#.
###.....#### #.#####.# ***###**#.


You could see a steam dragon.

Vanquished Creatures
  A water moccasin (D:5)
  2 ice beasts (D:5)
  A sky beast (D:5)
  5 big kobolds (Sewer)
  A centaur skeleton (D:5)
  4 orc wizards
  An orc priest (D:5)
  2 worker ants
  Robin (D:3)
  5 gnolls
  6 adders
  A shadow imp (D:5)
  2 oozes
  An adder skeleton (D:5)
  3 worms
  8 giant geckos
  9 orcs
  10 giant cockroaches
  13 hobgoblins
  A jackal (D:2)
  A quokka (D:5)
  13 bats
  A giant gecko skeleton (D:5)
  7 giant newts
  17 goblins
  16 kobolds
  13 rats
145 creatures vanquished.

Vanquished Creatures (collateral kills)
  A phantom (D:5)
  2 kobolds
3 creatures vanquished.

Grand Total: 148 creatures vanquished

Notes
Turn   | Place    | Note
--------------------------------------------------------------
     0 | D:1      | Hanyuu, the Octopode Transmuter, began the quest for the Orb.
     0 | D:1      | Reached XP level 1. HP: 13/13 MP: 3/3
     1 | D:1      | Found a runed door.
   288 | D:1      | Reached XP level 2. HP: 13/18 MP: 5/5
   450 | D:1      | Reached skill level 4 in Unarmed Combat
   695 | D:1      | Noticed a jelly
   707 | D:1      | Reached XP level 3. HP: 11/23 MP: 4/6
  1275 | D:2      | Learned a level 2 spell: Sticks to Snakes
  1279 | D:2      | Learned a level 3 spell: Spider Form
  1742 | D:2      | Reached XP level 4. HP: 28/28 MP: 7/7
  1881 | D:3      | Noticed Robin
  1913 | D:3      | Killed Robin
  1913 | D:3      | Reached skill level 5 in Unarmed Combat
  2386 | D:3      | Reached XP level 5. HP: 9/33 MP: 8/8
  3135 | D:4      | Found a staircase to the Ecumenical Temple.
  3151 | Temple   | Entered the Ecumenical Temple
  3195 | Temple   | Became a worshipper of Makhleb the Destroyer
  3280 | D:4      | Noticed sose's ghost (average DrTm)
  3334 | D:4      | Reached XP level 6. HP: 20/38 MP: 9/9
  3525 | D:4      | Noticed Grinder
  3699 | D:4      | Found an iron altar of Okawaru.
  3781 | D:4      | Reached skill level 6 in Unarmed Combat
  4287 | D:5      | Entered Level 5 of the Dungeon
  4401 | D:5      | Found a glowing drain.
  4413 | D:5      | Acquired Makhleb's first power
  4437 | Sewer    | Entered a sewer
  4771 | Sewer    | Reached XP level 7. HP: 41/45 MP: 4/10
  4777 | Sewer    | Reached skill level 7 in Unarmed Combat
  5229 | D:5      | Acquired Makhleb's second power
  5458 | D:5      | Reached skill level 1 in Throwing
  5647 | D:5      | Reached skill level 8 in Unarmed Combat
  5647 | D:5      | Reached XP level 8. HP: 45/50 MP: 5/11
  5736 | D:5      | Found an opulent altar of Gozag.
  5814 | D:5      | Noticed a steam dragon
  6591 | D:5      | Learned a level 2 spell: Stoneskin
  6627 | D:5      | Found a glowing golden altar of the Shining One.
  6651 | D:5      | Found a glowing silver altar of Zin.
  6735 | D:5      | Found a shimmering altar of Xom.
  6913 | D:5      | HP: 1/50 [steam dragon] (7)]
  6914 | D:5      | Engulfed by a steam dragon's steam

Action                   |  1- 3 |  4- 6 |  7- 9 || total
-------------------------+-------+-------+-------++-------
Melee: Unarmed           |    69 |   155 |   123 ||   347
 Fire: Hunting sling     |    13 |    33 |       ||    46
       Blowgun           |       |       |    23 ||    23
 Cast: Beastly Appendage |     1 |     4 |       ||     5
       Sticks to Snakes  |       |     7 |     2 ||     9
       Spider Form       |       |     2 |     8 ||    10
       Stoneskin         |       |       |     1 ||     1
 Abil: End Transformatio |       |       |     1 ||     1
  Use: Scroll            |       |     9 |     1 ||    10
       Potion            |       |       |     2 ||     2
 Stab: Sleeping          |     2 |     5 |     3 ||    10
       Distracted        |       |       |     1 ||     1
  Eat: Chunk             |     2 |     7 |     6 ||    15
       Meat ration       |       |     1 |       ||     1
